 Dungeon Crawl Stone Soup version 0.29-a0-414-g5075937ec3 (webtiles) character file.

Game seed: 4952373921135685365

31 purpskrrrp the Sneak (level 3, -2/33 HPs)
             Began as a Hill Orc Delver on May 15, 2022.
             Slain by a necrophage (6 damage)
             ... on level 4 of the Dungeon.
             The game lasted 00:02:40 (160 turns).

purpskrrrp the Sneak (Hill Orc Delver)               Turns: 160, Time: 00:02:41

Health: -2/33      AC:  3    Str: 16    XL:     3   Next: 22%
Magic:  3/3        EV: 11    Int: 10    God:
Gold:   0          SH:  0    Dex: 12    Spells: 2/2 levels left

rFire   . . .      SeeInvis .   f - +0 long sword
rCold   . . .      Faith    .   (no shield)
rNeg    . . .      Spirit   .   b - +0 leather armour
rPois   .          Reflect  .   (no helmet)
rElec   .          Harm     .   (no cloak)
rCorr   .          Rampage  .   (no gloves)
Will    .....                   (no boots)
Stlth   ++........              (no amulet)
HPRegen 0.11/turn               (no ring)
MPRegen 0.08/turn               (no ring)

@: no status effects
A: no striking features
a: no special abilities


You were on level 4 of the Dungeon.
You visited 1 branch of the dungeon, and saw 2 of its levels.

Inventory:

Hand Weapons
 a - a +0 hand axe
 f - a +0 long sword (weapon)
Armour
 b - a +0 leather armour (worn)
Wands
 g - a wand of digging (3)
Scrolls
 d - a scroll of magic mapping
 e - a scroll of enchant armour {unknown}
Potions
 h - a potion of experience {unknown}


   Skills:
 + Level 3.9 Fighting
 + Level 2.9 Axes
 + Level 0.1 Armour
 + Level 1.6 Dodging
 + Level 4.7 Stealth


You had 2 spell levels left.
You didn't know any spells.
Your spell library was empty.

Dungeon Overview and Level Annotations

Branches:
Dungeon (5/15)
 Temple: D:4-7

Altars:

Annotations:
D:4 Robin
D:5 Dowan, Duvessa


Message History

f - a +0 long sword You feel yourself slow down.
f - a +0 long sword (weapon)
You open the door.
There is an open door here.
Robin and a goblin come into view.
Robin is wielding a +1 dagger of flaming.
A goblin comes into view. It is wielding a +0 dagger. x2
A goblin comes into view. It is wielding a +0 club.
The hobgoblin shouts!
The goblin shouts!
You hear a shout!
The goblin shouts! x2
Robin shouts!
Robin roars a battlecry!
The goblins go into a battle-frenzy!
Robin points. "Kill!"
Robin throws the goblin at you! The goblin hits you with a +0 club.
The goblin attacks as you move away! The goblin hits you with a +0 club.
* * * LOW HITPOINT WARNING * * *
The goblin attacks as you move away! The goblin hits you but does no damage.
The goblin attacks as you move away! The goblin hits you with a +0 club.
* * * LOW HITPOINT WARNING * * *
As you read the scroll of fog, it crumbles to dust.
The scroll dissolves into smoke.
The goblin closely misses you. The goblin attacks as you move away!
The goblin closely misses you.
The goblin no longer looks unusually strong.
The goblin attacks as you move away! The goblin closely misses you.
The goblin attacks as you move away! The goblin hits you with a +0 club.
* * * LOW HITPOINT WARNING * * *
Found 16 gold pieces.
The goblin attacks as you move away! The goblin hits you but does no damage.
The goblin attacks as you move away! The goblin hits you with a +0 club.
* * * LOW HITPOINT WARNING * * *
You hit the goblin but do no damage. The goblin hits you but does no damage.
The goblin barely misses you.
You hit the goblin.
The goblin is heavily wounded.
The goblin hits you but does no damage.
You hit the goblin.
The goblin is severely wounded.
The necrophage hits you.
You die...

#.# #.#.# ###### #.#.#
.....# #.#.# .....#
#.#.#
.....##########.#.#####
.§..............$......
.§...# ####...gn.#
.§...# #....###@.#
§....####....# #..#
§............# #..#
#########...## #..#
#...# #..# ##### #...
#... #....


You could see a necrophage and a goblin.

Vanquished Creatures
  A hound (D:5)
1 creature vanquished.

Notes
Turn   | Place    | Note
-------+----------+-------------------------------------------
     0 | D:5      | purpskrrrp the Hill Orc Delver began the quest for the Orb.
     0 | D:5      | Reached XP level 1. HP: 19/19 MP: 1/1
     7 | D:5      | Noticed a hound
    28 | D:5      | Killed a hound
    28 | D:5      | Noticed a scorpion
    29 | D:5      | Reached XP level 2. HP: 6/27 MP: 2/2
    29 | D:5      | Reached XP level 3. HP: 7/33 MP: 3/3
    38 | D:5      | Noticed a necrophage
    39 | D:5      | Noticed Dowan
    42 | D:5      | Noticed Duvessa
   125 | D:4      | Noticed Robin
   160 | D:4      | Slain by a necrophage

Illustrated notes

Levels and vault maps discovered:
D:4:      layout_basic, grunt_gozag_breadcrumbs,
          amethyst_overflow_temple_binary, uniq_menkaure, uniq_robin
D:5:      layout_layer_cave, amcnicky_altar_gilded, serial_shops,
          nicolae_shop_bloodbath_and_beyond, shop, shop_coins, kennysheep_mini,
          gammafunk_ghost_hive, uniq_duvessa

Action                   || total
-------------------------++-------
Melee: Hand axe          ||    17
       Long sword        ||     3
  Use: Potion            ||     1
       Scroll            ||     2
Armor: Leather armour    ||     7
Dodge: Dodged            ||    16

Table legend: (Time is in decaauts)
 A = Elapsed time spent in this place.
 B = Non-inter-level travel time spent in this place.
 C = Inter-level travel time spent in this place.
 D = Time resting spent in this place.
 E = Time spent auto-exploring this place.
 F = Levels seen in this place.
 G = Mean time per level.
                   A        B        C        D        E       F      G
               +--------+--------+--------+--------+--------+-----+--------+
         Total |    143 |     80 |     63 |      0 |      0 |   2 |   71.5 |
       Dungeon |    143 |     80 |     63 |      0 |      0 |   2 |   71.5 |
               +--------+--------+--------+--------+--------+-----+--------+

Top non-repeatable levels by time:
     D:4: 107 daAuts
     D:5: 35 daAuts
